AoeStats
← Hawk9710

Black Forest

510107212Analyzed
3v3 RM · 2d ago on Sep 29, 2026· 78m 13s· 6 players
Game mode
Random Map
Map size
Normal (6 player)
Population
200
Speed
Normal
Resources
Standard
Victory
Conquest
Starting age
Dark Age
Ending age
Imperial Age
RankedLock teamsTeams togetherTeam positionsShared explorationLock speedFull tech treeHidden civsTurbo modeCheats
Victory
Defeat
🇨🇳 Khitans · China
1066
+15
🇹🇼 Britons · Taiwan
1060
+15
🇹🇼 Varangians · Taiwan
978
+20
🇦🇺 Saxons · Australia
1059
-17
🇦🇺 Romans · Australia
1047
-17
🇦🇺 Persians · Australia
1028
-16
lin87069
0:29 Loom
12:14 Feudal Age
17:17 Castle Age
16:10 Horse Collar
16:17 Double-Bit Axe
16:26 Gold Mining
17:13 Stone Mining
21:23 Bow Saw
24:41 Heavy Plow
27:07 Fervor
31:29 Imperial Age
30:01 Wheelbarrow
29:11 Town Watch
30:04 Gold Shaft Mining
29:46 Treadmill Crane
30:18 Fortified Wall
30:35 Caravan
31:03 Hand Cart
30:32 Pikeman
31:12 Squires
31:03 Fletching
31:57 Ballistics
31:37 Crossbowman
33:29 Chemistry
32:36 Town Patrol
34:17 Yeomen
33:20 Elite Longbowman
34:02 Warwolf
34:25 Yeomen
34:26 Conscription
35:55 Siege Engineers
35:46 Murder Holes
35:21 Arbalester
35:29 Halberdier
37:31 Two-Man Saw
36:42 Bodkin Arrow
37:47 Arson
37:52 Onager
37:54 Capped Ram
38:58 Bracer
39:29 Coinage
39:12 Forging
39:15 Warwolf
39:57 Hoardings
39:48 Scale Mail Armor
40:26 Masonry
40:17 Man-at-Arms
40:43 Gambesons
41:34 Iron Casting
41:34 Banking
42:25 Chain Mail Armor
41:31 Long Swordsman
43:11 Heavy Scorpion
43:16 Two-Handed Swordsman
43:35 Sappers
47:42 Architecture
46:35 Champion
55:47 Padded Archer Armor
56:47 Blast Furnace
56:17 Plate Mail Armor
63:07 Leather Archer Armor
64:17 Guilds
64:11 Elite Skirmisher
64:13 Heavy Mounted Crossbowman
64:13 Cranequins
78:14 Spies/Treason
Hank
0:26 Loom
12:09 Feudal Age
15:58 Castle Age
19:37 Horse Collar
19:46 Double-Bit Axe
21:58 Bow Saw
22:46 Wheelbarrow
25:59 Heavy Plow
31:28 Imperial Age
28:49 Pikeman
29:30 Squires
29:15 Gambesons
29:15 Arson
30:04 Scale Mail Armor
30:14 Forging
30:16 Gambesons
31:36 Chain Mail Armor
32:09 Hand Cart
31:39 Town Watch
32:09 Halberdier
33:23 Town Patrol
33:55 Plate Mail Armor
34:01 Iron Casting
34:59 Conscription
34:10 Elite Varangian Guard
37:16 Chemistry
37:49 Blast Furnace
41:14 Murder Holes
43:12 Crop Rotation
49:24 Two-Man Saw
48:52 Gold Mining
49:35 Siege Engineers
49:41 Masonry
51:10 Scale Barding Armor
51:27 Cavalier
51:33 Vendel Legacy
51:38 Capped Ram
53:12 Bloodlines
53:04 Husbandry
52:33 Light Cavalry
53:37 Chain Barding Armor
53:08 Fletching
53:57 Gothikon
54:48 Caravan
55:19 Coinage
54:59 Guilds
54:42 Siege Ram
56:57 Banking
56:14 Hussar
66:27 Plate Barding Armor
65:48 Bodkin Arrow
LCH
0:47 Loom
13:43 Feudal Age
14:26 Man-at-Arms
14:51 Arson
15:48 Double-Bit Axe
15:51 Arson
17:19 Domestication
23:23 Castle Age
22:12 Scale Mail Armor
23:14 Stone Mining
23:14 Gold Mining
25:03 Wheelbarrow
24:16 Town Watch
26:00 Gold Mining
26:58 Fletching
29:15 Pastoralism
37:57 Imperial Age
37:27 Hand Cart
37:25 Forging
38:14 Chain Mail Armor
38:50 Ballistics
38:26 Murder Holes
38:25 Capped Ram
40:07 Conscription
40:33 Plate Mail Armor
40:38 Iron Casting
40:24 Elite Steppe Lancer
41:05 Husbandry
41:37 Bow Saw
41:03 Light Cavalry
42:30 Transhumance
43:09 Stone Shaft Mining
43:15 Scale Barding Armor
44:40 Caravan
46:05 Elite Liao Dao
46:51 Lamellar Armor
46:51 Ordo Cavalry
46:23 Hussar
50:10 Two-Man Saw
49:47 Siege Ram
53:28 Chain Barding Armor
53:03 Bodkin Arrow
52:43 Heavy Rocket Cart
55:00 Plate Barding Armor
56:12 Heavy Camel Rider
65:18 Guilds
65:38 Coinage
65:39 Squires
65:25 Gambesons
66:51 Pikeman
66:51 Long Swordsman
68:07 Two-Handed Swordsman
76:22 Spies/Treason
T!ts-Ron
2:52 Loom
14:35 Feudal Age
17:00 Double-Bit Axe
18:24 Horse Collar
18:44 Gold Mining
18:44 Stone Mining
22:16 Castle Age
26:03 Gold Shaft Mining
25:35 Heavy Plow
25:58 Bow Saw
29:27 Stone Shaft Mining
34:12 Husbandry
34:23 Bloodlines
33:33 Light Cavalry
34:06 Arson
34:10 Gambesons
36:14 Wheelbarrow
35:25 Town Watch
36:12 Scale Barding Armor
36:08 Scale Mail Armor
36:18 Forging
35:59 Fletching
36:10 Padded Archer Armor
39:55 Imperial Age
37:05 Elite Skirmisher
39:35 Chain Barding Armor
39:30 Chain Mail Armor
39:51 Iron Casting
39:12 Bodkin Arrow
39:41 Ballistics
39:17 Murder Holes
39:13 Guard Tower
40:27 Parthian Tactics
40:39 Leather Archer Armor
41:28 Chemistry
40:18 Heated Shot
40:39 Masonry
41:59 Citadels
41:50 Kamandaran
42:11 Conscription
42:27 Hoardings
42:43 Cavalier
42:50 Pikeman
43:31 Squires
42:52 Man-at-Arms
42:57 Onager
43:01 Heavy Scorpion
43:43 Sappers
45:43 Long Swordsman
46:48 Thumb Ring
46:08 Crossbowman
53:14 Hand Cart
55:11 Elite War Elephant
57:38 Hussar
60:30 Plate Mail Armor
60:55 Ring Archer Armor
Hawk9710
7:59 Loom
13:18 Feudal Age
14:01 Double-Bit Axe
14:05 Horse Collar
17:30 Stone Mining
17:33 Gold Mining
18:17 Man-at-Arms
23:05 Castle Age
21:22 Scale Mail Armor
21:33 Forging
23:27 Fletching
24:28 Wheelbarrow
25:05 Squires
25:45 Iron Casting
25:26 Chain Mail Armor
25:59 Bow Saw
25:52 Heavy Plow
26:34 Gold Shaft Mining
28:05 Hand Cart
28:03 Bodkin Arrow
28:23 Town Watch
34:37 Imperial Age
32:07 Long Swordsman
33:19 Ballistas
35:10 Ballistics
34:45 Legionary
36:28 Blast Furnace
36:25 Conscription
36:19 Siege Engineers
37:39 Crop Rotation
37:18 Caravan
37:29 Heavy Scorpion
38:49 Comitatenses
40:44 Chemistry
39:40 Murder Holes
39:57 Masonry
41:23 Town Patrol
44:51 Caravan
50:04 Capped Ram
52:35 Elite Centurion
52:43 Siege Ram
56:09 Elite Centurion
61:24 Pikeman
62:33 Halberdier
75:00 Husbandry
74:21 Light Cavalry
FlankTank
10:34 Feudal Age
11:59 Loom
14:36 Castle Age
12:35 Double-Bit Axe
13:00 Horse Collar
16:56 Fletching
24:51 Bow Saw
27:13 Heavy Plow
28:03 Wheelbarrow
32:23 Imperial Age
31:10 Masonry
31:21 Ballistics
31:01 Gold Mining
32:21 Hand Cart
31:52 Town Watch
32:11 Squires
31:32 Pikeman
31:38 Clerical Recruitment
33:17 Bodkin Arrow
33:22 Padded Archer Armor
33:23 Scale Mail Armor
33:33 Forging
33:26 Capped Ram
34:06 Stone Mining
35:17 Two-Man Saw
36:17 Scale Mail Armor
36:27 Forging
37:52 Chain Mail Armor
38:12 Iron Casting
38:28 Murder Holes
39:35 Chemistry
40:01 Architecture
40:25 Plate Mail Armor
39:55 Bracer
40:10 Leather Archer Armor
39:51 Crossbowman
41:55 Thumb Ring
44:12 Hoardings
43:50 Siege Engineers
43:26 Treadmill Crane
43:37 Elite Skirmisher
43:38 Arbalester
53:21 Conscription
52:22 Shield Wall
55:06 Redemption
55:22 Block Printing
56:21 Sanctity
56:29 Illumination
57:31 Caravan
59:33 Ring Archer Armor
63:12 Scale Barding Armor
Connection lost

Rejoining the realm…

Still unreachable

The connection could not be restored.

Session expired

The server has moved on; the page needs a fresh start.